 Dungeon Crawl Stone Soup version 0.32-a0-999-gfa1cc04b1d (webtiles) character file.

Game seed: 5775351231600487007

128 shadizar the Magician (level 5, 0/35 HPs)
             Began as a Djinni Conjurer on Apr 24, 2024.
             Slain by Grinder (3 damage)
             ... on level 3 of the Dungeon.
             The game lasted 00:02:14 (2400 turns).

shadizar the Magician (Djinni Conjurer)             Turns: 2400, Time: 00:02:14

Health: 0/35       AC:  6    Str:  6    XL:     5   Next: 34%
Gold:   120        EV: 11    Int: 21    God:
                   SH:  0    Dex: 12

rFire   + + +        (no weapon)
rCold   . . .        (no shield)
rNeg    . . .        g - +2 robe {rC+ rF+}
rPois   ∞            m - +0 helmet
rElec   .            (no cloak)
rCorr   .            f - +0 pair of gloves
SInv    .            (boots unavailable)
Will    .....        (no amulet)
Stlth   ++           (no ring)
HPRegen 0.25/turn    (no ring)

%: infuse magic (-1 HP)
@: flying
A: sickness immunity, fire resistance 2, cold vulnerability 1, float, innate
caster, HP casting, extra vitality 1
a: no special abilities


You were on level 3 of the Dungeon.
You visited 1 branch of the dungeon, and saw 3 of its levels.

You collected 120 gold pieces.

Inventory:

Armour
 f - a +0 pair of gloves (worn)
 g - a +2 robe of resistance (worn)
 m - a +0 helmet (worn)
Jewellery
 n - a +5 ring of evasion
Wands
 p - a wand of polymorph (11)
Scrolls
 b - a scroll of poison {unknown}
 c - 5 scrolls of identify {unknown}
 e - 2 scrolls of vulnerability {unknown}
 h - 2 scrolls of teleportation {unknown}
 i - a scroll of enchant armour {unknown}
 j - a scroll of amnesia {unknown}
Potions
 a - a potion of attraction {unknown}
 d - 2 potions of heal wounds {unknown}
 k - a potion of degeneration {unknown}
 l - a potion of might {unknown}
 o - a potion of invisibility {unknown}
 q - a potion of enlightenment {unknown}
 r - a potion of brilliance {unknown}


   Skills:
 - Level 2.1 Dodging
 - Level 1.5 Stealth
 + Level 5.2 Spellcasting
 + Level 5.2 Conjurations
 + Level 5.2 Hexes
 + Level 5.2 Summonings
 + Level 5.2 Necromancy
 + Level 5.2 Translocations
 + Level 5.2 Fire Magic
 + Level 5.2 Ice Magic
 + Level 5.2 Air Magic
 + Level 5.2 Earth Magic
 + Level 5.2 Alchemy


You knew the following spells:

 Your Spells              Type           Power      Damage    Failure   Level
a - Magic Dart            Conj           100%       1d8       1%          1
b - Searing Ray           Conj           54%        2d6       1%          2
c - Fulminant Prism       Conj/Alch      13%        3d9       12%         4
d - Iskenderun's Mystic Conj/Tloc 27%            2d7        (+2d3     12%         4
e - Sandblast             Erth           54%        2d13      1%          1
f - Blink                 Tloc           54%        N/A       1%          2
Your spell library was empty.

Dungeon Overview and Level Annotations

Branches:
Dungeon (3/15)

Altars:

Shops:
D:1 [

Annotations:
D:3 Grinder


Innate Abilities, Weirdness & Mutations

You are immune to sickness and miasma.
You are immune to poison.
Your flesh is very heat resistant. (rF++)
You are vulnerable to cold. (rC-)
You float through the air rather than walking.
You learn spells naturally, not from books.
Your magical power is your life essence.
You have superior vitality. (+4 MHP)


Message History

Grinder is moderately wounded.
Grinder closely misses you.
Unknown command.
Unknown command.
Unknown command.
Unknown command.
Unknown command.
Casting: Sandblast (safe; 1% risk of failure)
Confirm with . or Enter, or press ? or * to list all spells.
Aiming: Sandblast (safe; 1% risk of failure)
Press: ? - help, Shift-Dir - straight line, f/p - Grinder
Aim: Grinder (moderately wounded, 81% to hit)
The blast of sand misses Grinder.
Grinder barely misses you. Grinder gestures at you.
You suddenly lose the ability to move!
Grinder hits you.
You writhe in agony.
Grinder hits you. Grinder hits you but does no damage.
You can move again.
Unknown command.
Unknown command.
Unknown command.
Casting: Sandblast (safe; 1% risk of failure)
Confirm with . or Enter, or press ? or * to list all spells.
Aiming: Sandblast (safe; 1% risk of failure)
Press: ? - help, Shift-Dir - straight line, f/p - Grinder
Aim: Grinder (moderately wounded, 81% to hit)
The blast of sand hits Grinder.
Grinder is moderately wounded.
Grinder hits you.
* * * LOW HITPOINT WARNING * * *
Unknown command.
Unknown command.
Unknown command.
Unknown command.
Grinder hits you.
* * * LOW HITPOINT WARNING * * *
You writhe in agony.
You die...
Grinder says, "Hey, I wasn't done torturing you yet!"

..... #...# #..5#
#...#####
#.......##
#†..###..#
##########§..# ##..
#.........#########
#.@5...............
#.........######...
#.........# #...
########### #...
#... ####


You could see Grinder.

Vanquished Creatures
  Ijyb (D:3)
  5 adders
  2 dart slugs
  A ribbon worm (D:2)
  6 ball pythons
  5 endoplasms
  4 giant cockroaches
  4 goblins
  4 hobgoblins
  4 jackals (D:1)
  A quokka (D:1)
  3 bats
  A frilled lizard (D:2)
  5 kobolds
  4 rats
50 creatures vanquished.

Notes
Turn   | Place    | Note
-------+----------+-------------------------------------------
     0 | D:1      | shadizar the Djinni Conjurer began the quest for the Orb.
     0 | D:1      | shadizar set off with the following spells memorised: Magic
                  | Dart, Searing Ray, Fulminant Prism, Iskenderun's Mystic
                  | Blast.
     0 | D:1      | Reached XP level 1. HP: 15/15 MP: 0/0
    60 | D:1      | Reached XP level 2. HP: 19/21 MP: 0/0
   434 | D:1      | Found Tizxiruw's Antique Armour Emporium.
   510 | D:1      | Reached XP level 3. HP: 24/25 MP: 0/0
   510 | D:1      | Learned a level 1 spell: Sandblast
  1587 | D:2      | Reached XP level 4. HP: 28/31 MP: 0/0
  2285 | D:3      | Noticed Ijyb
  2320 | D:3      | Killed Ijyb
  2321 | D:3      | Reached skill level 5 in Spellcasting
  2321 | D:3      | Reached skill level 5 in Conjurations
  2321 | D:3      | Reached skill level 5 in Hexes
  2321 | D:3      | Reached skill level 5 in Summonings
  2321 | D:3      | Reached skill level 5 in Necromancy
  2321 | D:3      | Reached skill level 5 in Translocations
  2321 | D:3      | Reached skill level 5 in Fire Magic
  2321 | D:3      | Reached skill level 5 in Ice Magic
  2321 | D:3      | Reached skill level 5 in Air Magic
  2321 | D:3      | Reached skill level 5 in Earth Magic
  2321 | D:3      | Reached skill level 5 in Alchemy
  2321 | D:3      | Reached XP level 5. HP: 33/35 MP: 0/0
  2321 | D:3      | Learned a level 2 spell: Blink
  2375 | D:3      | Noticed Grinder
  2395 | D:3      | Paralysed by Grinder for 4 turns
  2400 | D:3      | Slain by Grinder

Illustrated notes

Levels and vault maps discovered:
D:1:      dpeg_arrival_pits, layout_basic, serial_shops, shop
D:2:      layout_basic
D:3:      layout_rooms, uniq_ijyb, uniq_natasha, uniq_grinder, uniq_sigmund,
          uniq_jessica

Skill      XL: |  1  2  3  4 |
---------------+-------------+-----
Spellcasting   | 4 5 |  5.2
Conjurations   | 4 5 |  5.2
Hexes          | 4 5 |  5.2
Summonings     | 4 5 |  5.2
Necromancy     | 4 5 |  5.2
Translocations | 4 5 |  5.2
Fire Magic     | 4 5 |  5.2
Ice Magic      | 4 5 |  5.2
Air Magic      | 4 5 |  5.2
Earth Magic    | 4 5 |  5.2
Alchemy        | 4 5 |  5.2
Dodging        | |  2.1
Stealth        | |  1.5

Action                     |  1- 3 |  4- 6 || total
---------------------------+-------+-------++-------
   Cast: Magic Dart        |    75 |    49 ||   124
         Sandblast         |       |     9 ||     9
 Armour: Robe              |     7 |     8 ||    15
  Dodge: Dodged            |     4 |     8 ||    12

Table legend: (Time is in decaauts)
 A = Elapsed time spent in this place.
 B = Non-inter-level travel time spent in this place.
 C = Inter-level travel time spent in this place.
 D = Time resting spent in this place.
 E = Time spent auto-exploring this place.
 F = Levels seen in this place.
 G = Mean time per level.
                   A        B        C        D        E       F      G
               +--------+--------+--------+--------+--------+-----+--------+
         Total |   2397 |   2299 |     98 |      0 |   1991 |   3 |  799.0 |
       Dungeon |   2397 |   2299 |     98 |      0 |   1991 |   3 |  799.0 |
               +--------+--------+--------+--------+--------+-----+--------+

Top non-repeatable levels by time:
     D:1: 1218 daAuts
     D:2: 922 daAuts
     D:3: 256 daAuts
